Pick #1

Connor Bedard
Pick #2

Leo Carlsson
Pick #3

Adam Fantilli
Pick #4

Matvei Michkov
Pick #5

David Reinbacher
Pick #6

William Smith
Pick #7

Zachary Benson
Pick #8

Ryan Leonard
Pick #9

Gabriel Perreault
Pick #10

Axel Sandin-Pellika
Pick #11

Daniil But
Pick #12

Dalibor Dvorsky
Pick #13

Quentin Musty
Pick #14

Brayden Yager
Pick #15

Dmitry Simashev
Pick #16

Colby Barlow
Pick #17

Andrew Cristall
Pick #18

Easton Cowan
Pick #19

Jacob Fowler
Pick #20

Oliver Moore
Pick #21

Oliver Bonk
Pick #22

Tom Willander
Pick #23

Calum Ritchie
Pick #24

Tanner Molendyk
Pick #25

Gavin Brindley
Pick #26

Nate Danielson
Pick #27

Pick #28

Pick #29

Pick #30

Pick #31

Pick #32

Pick #33

Pick #34

Pick #35

Pick #36

Pick #37

Pick #38

Pick #39

Pick #40

Pick #41

Pick #42

Pick #43

Pick #44

Pick #45

Pick #46

Pick #47

Pick #48

Pick #49

Pick #50

Pick #51

Pick #52

Pick #53

Pick #54

Pick #55

Pick #56

Pick #57

Pick #58

Pick #59

Pick #60

Pick #61

Pick #62

Pick #63

Pick #64

Pick #65

Pick #66

Pick #67

Pick #68

Pick #69

Pick #70

Pick #71

Pick #72

Pick #73

Pick #74

Pick #75

Pick #76

Pick #77

Pick #78

Pick #79

Pick #80

Pick #81

Pick #82

Pick #83

Pick #84

Pick #85

Pick #86

Pick #87

Pick #88

Pick #89

Pick #90

Pick #91

Pick #92

Pick #93

Pick #94

Pick #95

Pick #96

Pick #97

Pick #98

Pick #99

Pick #100

Pick #101

Pick #102

Pick #103

Pick #104

Pick #105

Pick #106

Pick #107

Pick #108

Pick #109

Pick #110

Pick #111

Pick #112

Pick #113

Pick #114

Pick #115

Pick #116

Pick #117

Pick #118

Pick #119

Pick #120

Pick #121

Pick #122

Pick #123

Pick #124

Pick #125

Pick #126

Pick #127

Pick #128

Pick #129

Pick #130

Full Scoreboard »»

Kings vs Penguins

Created - February 7, 2024 at 09:23

Goals
1 2 3 OT1 T
Kings 1 0 0 1 2
Penguins 0 1 0 0 1
Shots
1 2 3 OT1 T
Kings 14 8 10 2 34
Penguins 7 10 12 0 29

GoalsPenalties
1st period
1. Kings , Nick Jensen 3 (David Krejci 4, Brandon Saad 18) at 0:41
Mathew Dumba (PIT) for Hooking (Minor) at 14:44
2nd period
2. Penguins , Devon Toews 7 (Kevin Fiala 16) at 16:26 (PP)
Josh Anderson (PIT) for Interference (Minor) at 0:47
Rasmus Ristolainen (LOS) for Boarding (Minor) at 4:31
Joel Edmundson (LOS) for High sticking (Minor) at 14:47
3rd period
No Goal
Evander Kane (LOS) for Roughing (Minor) at 6:49
Joel Edmundson (LOS) for Hooking (Minor) at 8:04
Overtime #1
3. Kings , Jeff Carter 5 (Mattias Ekholm 24, Tomas Nosek 1) at 0:18
No Penalty
Goalie Stats
Karel Vejmelka (LOS), 28 saves from 29 shots - (0.966), W, 5-5-3, 60:19 minutes
Calvin Petersen (PIT), 32 saves from 34 shots - (0.941), OTL, 12-9-3, 60:19 minutes
3 StarsOfficial
1 - Karel Vejmelka (LOS)
2 - Nick Jensen (LOS)
3 - Calvin Petersen (PIT)
Referees : Chris Schlenker and Ryan Hersey
Linesman : Libor Suchanek and Derek Amell
Game Note
No Game Note
Finance
Level 1 -- Attendance: 6429 (98.91%) -- Ticket Income $771,480
Level 2 -- Attendance: 4962 (99.24%) -- Ticket Income $421,770
Level 3 -- Attendance: 3428 (97.94%) -- Ticket Income $222,820
Level 4 -- Attendance: 2387 (100.00%) -- Ticket Income $107,415
Luxury Box -- Attendance: 954 (95.40%) -- Ticket Income $214,650
Game was played at the Consol Energy Center.
Total Attendance: 18160 (98.77%)
Total Ticket Income: $1,738,135
Other Income: $434,534
Total Income: $2,172,669



Team Name Goals Shots Shots Attemp Shots Blocked PIM HIT PP PK FO%
Kings 2346378190 / 2 (0%)143%
Penguins 1295844211 / 4 (25%)057%

Kings
Player Name POS G A P +/- PIM HIT SHT SB MP PP MP PP SHT PK MP PK SHT FO% FOT
Brandon SaadLW0111003017:302:2200:00050% 2
Cole SillingerC000000005:090:0000:24040% 5
Conor ShearyLW0000001016:000:0001:1900% 0
David KrejciC0111010017:302:2200:0000% 1
David SavardD0000021225:061:3615:2700% 0
Derek RyanC0000024016:140:0001:33030% 23
Evander KaneLW0000245016:111:3610:0000% 1
Ilya MikheyevRW0000002016:121:3600:000100% 1
Jason DickinsonC0000022019:360:0004:55067% 12
Jeff CarterC1011004116:311:3610:00048% 25
Joel EdmundsonD0001411018:492:2210:4200% 0
Mattias EkholmD0111011023:441:3613:4600% 0
Mike ReillyD0000000015:210:0000:0000% 0
Nick JensenD1011023121:302:2213:2200% 0
Rasmus RistolainenD0000210315:460:0000:2600% 0
Samuel FagemoLW000000204:450:0000:0000% 0
Tomas NosekLW0112023017:492:2200:00038% 24
Tyler MotteC000001209:340:0004:4900% 0
Penguins
Player Name POS G A P +/- PIM HIT SHT SB MP PP MP PP SHT PK MP PK SHT FO% FOT
Aliaksei ProtasC000000006:170:0000:0000% 0
Cole CaufieldRW0000003021:433:3610:0000% 1
Devon ToewsD101-1016323:363:5752:2600% 0
Henri JokiharjuD0000010015:460:0000:0000% 0
Jeff PetryD000-1020021:392:5502:1400% 0
Josh AndersonRW000-1211015:330:0000:000100% 3
Julien GauthierRW000002009:120:0000:0000% 0
Justin FaulkD0000051023:203:5702:2900% 0
Kevin FialaLW011-1033023:113:3601:09040% 5
Logan O'ConnorRW0000014015:173:1612:490100% 2
Mathew DumbaD000-1202120:112:5520:4700% 0
Matt RoyD0000000015:460:0000:0000% 0
Nick SuzukiC000-1022023:113:3601:09043% 30
Phil KesselRW000-1001018:503:1600:000100% 1
Rem PitlickC000001106:170:0000:00086% 7
Rudolfs BalcersLW000001206:170:0000:00050% 2
Ryan PoehlingC0000000012:010:0002:49063% 19
Seth JarvisC000-1013018:503:1610:00058% 24



Play-by-Play

1st period


0:01 of 1st period - Jeff Carter wins face-off versus Nick Suzuki in neutral zone.
0:03 of 1st period - Off-side.
0:04 of 1st period - Josh Anderson wins face-off versus Tomas Nosek in neutral zone.
0:37 of 1st period - Shot by David Krejci.
0:37 of 1st period - Shot Misses the Net.
0:39 of 1st period - Shot by Nick Jensen.
0:39 of 1st period - Stopped by Calvin Petersen with a rebound.
0:41 of 1st period - Shot by Nick Jensen.
0:41 of 1st period - Goal by Nick Jensen - Kings : 1 - Penguins : 0.
0:42 of 1st period - Derek Ryan wins face-off versus Nick Suzuki in neutral zone.
1:17 of 1st period - Shot by Derek Ryan.
1:17 of 1st period - Stopped by Calvin Petersen without a rebound.
1:18 of 1st period - Jeff Carter wins face-off versus Ryan Poehling in Penguins zone.
1:46 of 1st period - Icing by Ilya Mikheyev.
1:47 of 1st period - Rem Pitlick wins face-off versus Jeff Carter in Kings zone.
1:58 of 1st period - Shot by Rudolfs Balcers.
1:58 of 1st period - Stopped by Karel Vejmelka without a rebound.
1:59 of 1st period - Cole Sillinger wins face-off versus Nick Suzuki in Kings zone.
2:10 of 1st period - Shot by Samuel Fagemo.
2:10 of 1st period - Stopped by Calvin Petersen without a rebound.
2:11 of 1st period - Seth Jarvis wins face-off versus Derek Ryan in Penguins zone.
2:18 of 1st period - Shot by Josh Anderson.
2:18 of 1st period - Stopped by Karel Vejmelka without a rebound.
2:19 of 1st period - Rem Pitlick wins face-off versus Tomas Nosek in Kings zone.
2:58 of 1st period - Icing by Devon Toews.
2:59 of 1st period - Rudolfs Balcers wins face-off versus Derek Ryan in Penguins zone.
2:59 of 1st period - Rudolfs Balcers is hit by Derek Ryan.
4:53 of 1st period - Shot by Tyler Motte.
4:53 of 1st period - Stopped by Calvin Petersen without a rebound.
4:54 of 1st period - Ryan Poehling wins face-off versus Tomas Nosek in Penguins zone.
5:35 of 1st period - Brandon Saad is hit by Julien Gauthier and loses puck.
5:39 of 1st period - Icing by Mattias Ekholm.
5:40 of 1st period - Tomas Nosek wins face-off versus Seth Jarvis in Kings zone.
5:40 of 1st period - Tomas Nosek is hit by Seth Jarvis.
6:31 of 1st period - Cole Sillinger is hit by Josh Anderson and loses puck.
6:53 of 1st period - Kevin Fiala is hit by Nick Jensen.
7:16 of 1st period - Nick Suzuki is hit by Joel Edmundson.
7:42 of 1st period - Icing by Justin Faulk.
7:43 of 1st period - Ryan Poehling wins face-off versus Derek Ryan in Penguins zone.
8:04 of 1st period - Shot by Ryan Poehling.
8:04 of 1st period - Shot Misses the Net.
8:06 of 1st period - Shot by Logan O'Connor.
8:06 of 1st period - Stopped by Karel Vejmelka without a rebound.
8:07 of 1st period - Seth Jarvis wins face-off versus Jeff Carter in Kings zone.
8:34 of 1st period - Shot by Seth Jarvis.
8:34 of 1st period - Shot Misses the Net.
8:41 of 1st period - Phil Kessel is hit by David Savard and loses puck.
8:51 of 1st period - Icing by David Savard.
8:52 of 1st period - Nick Suzuki wins face-off versus Evander Kane in Kings zone.
8:55 of 1st period - Shot by Kevin Fiala.
8:55 of 1st period - Shot Blocked by Jeff Carter.
10:10 of 1st period - Shot by Devon Toews.
10:10 of 1st period - Stopped by Karel Vejmelka without a rebound.
10:11 of 1st period - Seth Jarvis wins face-off versus Cole Sillinger in Kings zone.
10:28 of 1st period - Shot by Samuel Fagemo.
10:28 of 1st period - Stopped by Calvin Petersen without a rebound.
10:29 of 1st period - Logan O'Connor wins face-off versus Tomas Nosek in Penguins zone.
10:29 of 1st period - Logan O'Connor is hit by Tomas Nosek.
10:36 of 1st period - Henri Jokiharju is hit by Tomas Nosek and loses puck.
11:00 of 1st period - Shot by David Krejci.
11:00 of 1st period - Shot Misses the Net.
11:13 of 1st period - Off-side.
11:14 of 1st period - Seth Jarvis wins face-off versus Jeff Carter in neutral zone.
11:48 of 1st period - Shot by Ilya Mikheyev.
11:48 of 1st period - Shot Blocked by Devon Toews.
11:53 of 1st period - Icing by Devon Toews.
11:54 of 1st period - Josh Anderson wins face-off versus Derek Ryan in Penguins zone.
12:07 of 1st period - Shot by Phil Kessel.
12:07 of 1st period - Shot Misses the Net.
12:12 of 1st period - Off-side.
12:13 of 1st period - Tomas Nosek wins face-off versus Nick Suzuki in neutral zone.
12:29 of 1st period - Off-side.
12:30 of 1st period - Rem Pitlick wins face-off versus Derek Ryan in neutral zone.
12:30 of 1st period - Matt Roy is hit by Jason Dickinson and loses puck.
13:06 of 1st period - Rudolfs Balcers is hit by David Savard and loses puck.
13:20 of 1st period - Icing by Henri Jokiharju.
13:21 of 1st period - Rem Pitlick wins face-off versus Jeff Carter in Penguins zone.
13:21 of 1st period - Rem Pitlick is hit by Evander Kane.
13:43 of 1st period - Shot by Ilya Mikheyev.
13:43 of 1st period - Deflect By Evander Kane.
13:43 of 1st period - Shot Misses the Net.
13:58 of 1st period - Shot by Jeff Carter.
13:58 of 1st period - Deflect By Evander Kane.
13:58 of 1st period - Stopped by Calvin Petersen without a rebound.
13:59 of 1st period - Tomas Nosek wins face-off versus Kevin Fiala in Penguins zone.
14:24 of 1st period - Shot by Brandon Saad.
14:24 of 1st period - Shot Misses the Net.
14:42 of 1st period - Shot by Brandon Saad.
14:42 of 1st period - Stopped by Calvin Petersen without a rebound.
14:43 of 1st period - Derek Ryan wins face-off versus Seth Jarvis in Penguins zone.
14:43 of 1st period - Derek Ryan is hit by Jeff Petry.
14:44 of 1st period - Minor Penalty to Mathew Dumba for Hooking.
14:45 of 1st period - Jeff Carter wins face-off versus Ryan Poehling in Penguins zone.
14:52 of 1st period - Shot by David Savard.
14:52 of 1st period - Stopped by Calvin Petersen without a rebound.
14:53 of 1st period - Jeff Carter wins face-off versus Ryan Poehling in Penguins zone.
15:10 of 1st period - Shot by Jeff Carter.
15:10 of 1st period - Stopped by Calvin Petersen without a rebound.
15:11 of 1st period - Ryan Poehling wins face-off versus Tomas Nosek in Penguins zone.
15:40 of 1st period - Shot by Joel Edmundson.
15:40 of 1st period - Stopped by Calvin Petersen without a rebound.
15:41 of 1st period - Ryan Poehling wins face-off versus Jeff Carter in Penguins zone.
15:41 of 1st period - Ryan Poehling is hit by Evander Kane.
15:50 of 1st period - Ilya Mikheyev is hit by Justin Faulk and loses puck.
16:09 of 1st period - Shot by Mattias Ekholm.
16:09 of 1st period - Stopped by Calvin Petersen without a rebound.
16:10 of 1st period - Ryan Poehling wins face-off versus Tomas Nosek in Penguins zone.
16:40 of 1st period - David Krejci is hit by Justin Faulk and loses puck.
16:49 of 1st period - Shot by Jason Dickinson.
16:49 of 1st period - Shot Misses the Net.
16:51 of 1st period - Shot by Derek Ryan.
16:51 of 1st period - Shot Misses the Net.
16:53 of 1st period - Shot by Conor Sheary.
16:53 of 1st period - Deflect By Derek Ryan.
16:53 of 1st period - Stopped by Calvin Petersen without a rebound.
16:54 of 1st period - Nick Suzuki wins face-off versus Jeff Carter in Penguins zone.
17:20 of 1st period - Shot by Nick Suzuki.
17:20 of 1st period - Shot Misses the Net.
17:34 of 1st period - Shot by Cole Caufield.
17:34 of 1st period - Deflect By Nick Suzuki.
17:34 of 1st period - Stopped by Karel Vejmelka with a rebound.
17:36 of 1st period - Shot by Cole Caufield.
17:36 of 1st period - Shot Misses the Net.
17:38 of 1st period - Shot by Kevin Fiala.
17:38 of 1st period - Stopped by Karel Vejmelka without a rebound.
17:39 of 1st period - Seth Jarvis wins face-off versus Derek Ryan in Kings zone.
17:58 of 1st period - Shot by Josh Anderson.
17:58 of 1st period - Deflect By Phil Kessel.
17:58 of 1st period - Shot Blocked by Rasmus Ristolainen.
18:15 of 1st period - Off-side.
18:16 of 1st period - Logan O'Connor wins face-off versus David Krejci in neutral zone.
18:18 of 1st period - Devon Toews is hit by Nick Jensen and loses puck.
18:47 of 1st period - Tomas Nosek is hit by Logan O'Connor and loses puck.
19:23 of 1st period - Shot by Cole Caufield.
19:23 of 1st period - Stopped by Karel Vejmelka without a rebound.
19:24 of 1st period - Seth Jarvis wins face-off versus Derek Ryan in Kings zone.
19:33 of 1st period - Shot by Josh Anderson.
19:33 of 1st period - Shot Blocked by David Savard.
19:39 of 1st period - Phil Kessel is hit by Derek Ryan and loses puck.
19:56 of 1st period - Shot by Derek Ryan.
19:56 of 1st period - Stopped by Calvin Petersen without a rebound.
19:57 of 1st period - Nick Suzuki wins face-off versus Jeff Carter in Penguins zone.
19:59 of 1st period - Icing by Matt Roy.
Goals for this period are 1 for Kings vs 0 for Penguins.
Shots for this period are 14 for Kings vs 7 for Penguins.

2nd period


0:01 of 2nd period - Jeff Carter wins face-off versus Kevin Fiala in neutral zone.
0:01 of 2nd period - Evander Kane is hit by Nick Suzuki and loses puck.
0:08 of 2nd period - Shot by Nick Suzuki.
0:08 of 2nd period - Deflect By Kevin Fiala.
0:08 of 2nd period - Stopped by Karel Vejmelka without a rebound.
0:09 of 2nd period - Kevin Fiala wins face-off versus Jeff Carter in Kings zone.
0:38 of 2nd period - Shot by Ilya Mikheyev.
0:38 of 2nd period - Stopped by Calvin Petersen without a rebound.
0:39 of 2nd period - Phil Kessel wins face-off versus Derek Ryan in Penguins zone.
0:46 of 2nd period - Shot by Seth Jarvis.
0:46 of 2nd period - Shot Blocked by Rasmus Ristolainen.
0:47 of 2nd period - Minor Penalty to Josh Anderson for Interference.
0:48 of 2nd period - Ryan Poehling wins face-off versus Tomas Nosek in Penguins zone.
0:48 of 2nd period - Ryan Poehling is hit by David Krejci.
1:14 of 2nd period - Shot by Nick Jensen.
1:14 of 2nd period - Stopped by Calvin Petersen without a rebound.
1:15 of 2nd period - Jeff Carter wins face-off versus Ryan Poehling in Penguins zone.
1:18 of 2nd period - Shot by Ilya Mikheyev.
1:18 of 2nd period - Shot Misses the Net.
1:55 of 2nd period - Shot by Evander Kane.
1:55 of 2nd period - Stopped by Calvin Petersen without a rebound.
1:56 of 2nd period - Ryan Poehling wins face-off versus Tomas Nosek in Penguins zone.
2:10 of 2nd period - Icing by Joel Edmundson.
2:11 of 2nd period - Ryan Poehling wins face-off versus Tomas Nosek in Kings zone.
2:30 of 2nd period - Icing by Nick Jensen.
2:31 of 2nd period - Tomas Nosek wins face-off versus Nick Suzuki in Kings zone.
3:41 of 2nd period - Icing by Mattias Ekholm.
3:42 of 2nd period - Nick Suzuki wins face-off versus Derek Ryan in Kings zone.
4:11 of 2nd period - Shot by Cole Caufield.
4:11 of 2nd period - Stopped by Karel Vejmelka without a rebound.
4:12 of 2nd period - Ryan Poehling wins face-off versus Jeff Carter in Kings zone.
4:22 of 2nd period - Shot by Evander Kane.
4:22 of 2nd period - Stopped by Calvin Petersen without a rebound.
4:23 of 2nd period - Tomas Nosek wins face-off versus Rudolfs Balcers in Penguins zone.
4:31 of 2nd period - Minor Penalty to Rasmus Ristolainen for Boarding.
4:32 of 2nd period - Jason Dickinson wins face-off versus Nick Suzuki in Kings zone.
4:32 of 2nd period - Jason Dickinson is hit by Kevin Fiala.
4:44 of 2nd period - Shot by Devon Toews.
4:44 of 2nd period - Stopped by Karel Vejmelka without a rebound.
4:45 of 2nd period - Jason Dickinson wins face-off versus Seth Jarvis in Kings zone.
6:46 of 2nd period - Shot by Rem Pitlick.
6:46 of 2nd period - Shot Misses the Net.
6:48 of 2nd period - Shot by Henri Jokiharju.
6:48 of 2nd period - Shot Blocked by Rasmus Ristolainen.
7:07 of 2nd period - Shot by Rem Pitlick.
7:07 of 2nd period - Stopped by Karel Vejmelka with a rebound.
7:09 of 2nd period - Shot by Aliaksei Protas.
7:09 of 2nd period - Shot Misses the Net.
7:57 of 2nd period - Shot by Logan O'Connor.
7:57 of 2nd period - Stopped by Karel Vejmelka without a rebound.
7:58 of 2nd period - Jeff Carter wins face-off versus Nick Suzuki in Kings zone.
8:32 of 2nd period - Icing by Ilya Mikheyev.
8:33 of 2nd period - Ilya Mikheyev wins face-off versus Seth Jarvis in Kings zone.
10:05 of 2nd period - Jason Dickinson is hit by Justin Faulk and loses puck.
10:08 of 2nd period - Shot by Jason Dickinson.
10:08 of 2nd period - Stopped by Calvin Petersen without a rebound.
10:09 of 2nd period - Ryan Poehling wins face-off versus Tomas Nosek in Penguins zone.
10:22 of 2nd period - Shot by Ryan Poehling.
10:22 of 2nd period - Deflect By Logan O'Connor.
10:22 of 2nd period - Stopped by Karel Vejmelka without a rebound.
10:23 of 2nd period - Rem Pitlick wins face-off versus Jeff Carter in Kings zone.
10:42 of 2nd period - Shot by Rudolfs Balcers.
10:42 of 2nd period - Stopped by Karel Vejmelka without a rebound.
10:43 of 2nd period - Nick Suzuki wins face-off versus Derek Ryan in Kings zone.
10:58 of 2nd period - Mattias Ekholm is hit by Justin Faulk and loses puck.
11:16 of 2nd period - Shot by Conor Sheary.
11:16 of 2nd period - Shot Blocked by Devon Toews.
11:18 of 2nd period - Shot by Jason Dickinson.
11:18 of 2nd period - Shot Misses the Net.
11:50 of 2nd period - Shot by Mathew Dumba.
11:50 of 2nd period - Shot Misses the Net.
11:52 of 2nd period - Shot by Seth Jarvis.
11:52 of 2nd period - Shot Misses the Net.
12:04 of 2nd period - Shot by Ilya Mikheyev.
12:04 of 2nd period - Stopped by Calvin Petersen without a rebound.
12:05 of 2nd period - Ryan Poehling wins face-off versus Tomas Nosek in Penguins zone.
13:35 of 2nd period - Shot by Jeff Carter.
13:35 of 2nd period - Shot Misses the Net.
14:15 of 2nd period - Shot by Nick Suzuki.
14:15 of 2nd period - Shot Misses the Net.
14:20 of 2nd period - Mike Reilly is hit by Justin Faulk.
14:34 of 2nd period - Shot by Derek Ryan.
14:34 of 2nd period - Shot Misses the Net.
14:36 of 2nd period - Shot by Jason Dickinson.
14:36 of 2nd period - Deflect By Conor Sheary.
14:36 of 2nd period - Shot Misses the Net.
14:47 of 2nd period - Minor Penalty to Joel Edmundson for High sticking.
14:48 of 2nd period - Kevin Fiala wins face-off versus Jason Dickinson in Kings zone.
14:51 of 2nd period - Shot by Devon Toews.
14:51 of 2nd period - Stopped by Karel Vejmelka without a rebound.
14:52 of 2nd period - Jason Dickinson wins face-off versus Nick Suzuki in Kings zone.
14:52 of 2nd period - Jason Dickinson is hit by Nick Suzuki.
15:44 of 2nd period - Shot by Mathew Dumba.
15:44 of 2nd period - Stopped by Karel Vejmelka without a rebound.
15:45 of 2nd period - Seth Jarvis wins face-off versus Cole Sillinger in Kings zone.
16:14 of 2nd period - Shot by Seth Jarvis.
16:14 of 2nd period - Shot Misses the Net.
16:26 of 2nd period - Shot by Devon Toews.
16:26 of 2nd period - Goal by Devon Toews - Kings : 1 - Penguins : 1.
16:27 of 2nd period - Brandon Saad wins face-off versus Rem Pitlick in neutral zone.
16:27 of 2nd period - Brandon Saad is hit by Rem Pitlick.
16:39 of 2nd period - Shot by Brandon Saad.
16:39 of 2nd period - Shot Misses the Net.
16:41 of 2nd period - Shot by Brandon Saad.
16:41 of 2nd period - Shot Misses the Net.
16:43 of 2nd period - Shot by Rasmus Ristolainen.
16:43 of 2nd period - Shot Misses the Net.
17:34 of 2nd period - Icing by Nick Suzuki.
17:35 of 2nd period - Nick Suzuki wins face-off versus Derek Ryan in Penguins zone.
18:03 of 2nd period - Shot by Kevin Fiala.
18:03 of 2nd period - Shot Misses the Net.
18:34 of 2nd period - Shot by Evander Kane.
18:34 of 2nd period - Shot Misses the Net.
18:36 of 2nd period - Shot by Joel Edmundson.
18:36 of 2nd period - Shot Misses the Net.
18:38 of 2nd period - Shot by Jeff Carter.
18:38 of 2nd period - Shot Misses the Net.
18:40 of 2nd period - Shot by Joel Edmundson.
18:40 of 2nd period - Shot Hit the Post.
18:42 of 2nd period - Shot by Evander Kane.
18:42 of 2nd period - Stopped by Calvin Petersen without a rebound.
18:43 of 2nd period - Cole Sillinger wins face-off versus Ryan Poehling in Penguins zone.
18:43 of 2nd period - Mike Reilly is hit by Henri Jokiharju.
19:10 of 2nd period - Shot by Samuel Fagemo.
19:10 of 2nd period - Deflect By Tyler Motte.
19:10 of 2nd period - Stopped by Calvin Petersen without a rebound.
19:11 of 2nd period - Jeff Carter wins face-off versus Seth Jarvis in Penguins zone.
19:22 of 2nd period - Icing by Joel Edmundson.
19:23 of 2nd period - Jeff Carter wins face-off versus Cole Caufield in Kings zone.
Goals for this period are 0 for Kings vs 1 for Penguins.
Shots for this period are 8 for Kings vs 10 for Penguins.

3rd period


0:01 of 3rd period - Josh Anderson wins face-off versus Derek Ryan in neutral zone.
0:06 of 3rd period - Shot by Josh Anderson.
0:06 of 3rd period - Deflect By Seth Jarvis.
0:06 of 3rd period - Stopped by Karel Vejmelka without a rebound.
0:07 of 3rd period - Nick Suzuki wins face-off versus Tomas Nosek in Kings zone.
0:15 of 3rd period - Icing by David Savard.
0:16 of 3rd period - Seth Jarvis wins face-off versus Tomas Nosek in Kings zone.
0:26 of 3rd period - Icing by Mattias Ekholm.
0:27 of 3rd period - Tomas Nosek wins face-off versus Nick Suzuki in Kings zone.
0:54 of 3rd period - Shot by Tomas Nosek.
0:54 of 3rd period - Stopped by Calvin Petersen without a rebound.
0:55 of 3rd period - Derek Ryan wins face-off versus Seth Jarvis in Penguins zone.
0:55 of 3rd period - Jason Dickinson is hit by Jeff Petry and loses puck.
1:18 of 3rd period - Icing by Jeff Petry.
1:19 of 3rd period - Seth Jarvis wins face-off versus Jeff Carter in Penguins zone.
1:34 of 3rd period - Shot by Phil Kessel.
1:34 of 3rd period - Shot Misses the Net.
1:36 of 3rd period - Shot by Phil Kessel.
1:36 of 3rd period - Stopped by Karel Vejmelka with a rebound.
1:38 of 3rd period - Shot by Mathew Dumba.
1:38 of 3rd period - Shot Blocked by David Savard.
2:12 of 3rd period - Nick Suzuki is hit by Evander Kane.
2:45 of 3rd period - Shot by Derek Ryan.
2:45 of 3rd period - Stopped by Calvin Petersen without a rebound.
2:46 of 3rd period - Tomas Nosek wins face-off versus Ryan Poehling in Penguins zone.
2:56 of 3rd period - Off-side.
2:57 of 3rd period - Rem Pitlick wins face-off versus Derek Ryan in neutral zone.
3:02 of 3rd period - Mike Reilly is hit by Rudolfs Balcers and loses puck.
3:57 of 3rd period - Icing by Brandon Saad.
3:58 of 3rd period - Tomas Nosek wins face-off versus Nick Suzuki in Kings zone.
4:43 of 3rd period - Joel Edmundson is hit by Kevin Fiala and loses puck.
5:30 of 3rd period - David Savard is hit by Julien Gauthier.
5:40 of 3rd period - Shot by Derek Ryan.
5:40 of 3rd period - Shot Misses the Net.
5:42 of 3rd period - Shot by Conor Sheary.
5:42 of 3rd period - Stopped by Calvin Petersen without a rebound.
5:43 of 3rd period - Jeff Carter wins face-off versus Seth Jarvis in Penguins zone.
6:14 of 3rd period - Shot by Jeff Carter.
6:14 of 3rd period - Stopped by Calvin Petersen without a rebound.
6:15 of 3rd period - Derek Ryan wins face-off versus Nick Suzuki in Penguins zone.
6:15 of 3rd period - Derek Ryan is hit by Devon Toews.
6:45 of 3rd period - Shot by Jason Dickinson.
6:45 of 3rd period - Stopped by Calvin Petersen without a rebound.
6:46 of 3rd period - Seth Jarvis wins face-off versus Jeff Carter in Penguins zone.
6:46 of 3rd period - Seth Jarvis is hit by Evander Kane.
6:49 of 3rd period - Minor Penalty to Evander Kane for Roughing.
6:50 of 3rd period - Seth Jarvis wins face-off versus Jason Dickinson in Kings zone.
6:53 of 3rd period - Shot by Seth Jarvis.
6:53 of 3rd period - Stopped by Karel Vejmelka without a rebound.
6:54 of 3rd period - Nick Suzuki wins face-off versus Jason Dickinson in Kings zone.
7:03 of 3rd period - Shot by Devon Toews.
7:03 of 3rd period - Stopped by Karel Vejmelka without a rebound.
7:04 of 3rd period - Jason Dickinson wins face-off versus Kevin Fiala in Kings zone.
7:42 of 3rd period - Nick Suzuki is hit by Mattias Ekholm and loses puck.
8:04 of 3rd period - Minor Penalty to Joel Edmundson for Hooking.
8:05 of 3rd period - Jason Dickinson wins face-off versus Seth Jarvis in Kings zone.
8:26 of 3rd period - Shot by Logan O'Connor.
8:26 of 3rd period - Shot Misses the Net.
8:34 of 3rd period - Shot by Mathew Dumba.
8:34 of 3rd period - Stopped by Karel Vejmelka without a rebound.
8:35 of 3rd period - Seth Jarvis wins face-off versus Derek Ryan in Kings zone.
8:56 of 3rd period - Shot by Devon Toews.
8:56 of 3rd period - Stopped by Karel Vejmelka without a rebound.
8:57 of 3rd period - Jason Dickinson wins face-off versus Nick Suzuki in Kings zone.
9:03 of 3rd period - Icing by Jeff Petry.
9:04 of 3rd period - Jason Dickinson wins face-off versus Nick Suzuki in Penguins zone.
9:21 of 3rd period - Shot by Cole Caufield.
9:21 of 3rd period - Stopped by Karel Vejmelka without a rebound.
9:22 of 3rd period - Seth Jarvis wins face-off versus Jason Dickinson in Kings zone.
9:51 of 3rd period - Shot by Logan O'Connor.
9:51 of 3rd period - Stopped by Karel Vejmelka without a rebound.
9:52 of 3rd period - Jason Dickinson wins face-off versus Nick Suzuki in Kings zone.
10:26 of 3rd period - Aliaksei Protas is hit by Rasmus Ristolainen.
10:33 of 3rd period - Icing by Rasmus Ristolainen.
10:34 of 3rd period - Jeff Carter wins face-off versus Seth Jarvis in Kings zone.
11:10 of 3rd period - Shot by Seth Jarvis.
11:10 of 3rd period - Shot Misses the Net.
11:12 of 3rd period - Shot by Justin Faulk.
11:12 of 3rd period - Stopped by Karel Vejmelka without a rebound.
11:13 of 3rd period - Derek Ryan wins face-off versus Nick Suzuki in Kings zone.
12:08 of 3rd period - Shot by Brandon Saad.
12:08 of 3rd period - Deflect By David Krejci.
12:08 of 3rd period - Shot Blocked by Mathew Dumba.
12:10 of 3rd period - Shot by Tomas Nosek.
12:10 of 3rd period - Shot Misses the Net.
12:12 of 3rd period - Shot by Tomas Nosek.
12:12 of 3rd period - Stopped by Calvin Petersen without a rebound.
12:13 of 3rd period - Seth Jarvis wins face-off versus Cole Sillinger in Penguins zone.
12:13 of 3rd period - Seth Jarvis is hit by Tyler Motte.
13:37 of 3rd period - Shot by Brandon Saad.
13:37 of 3rd period - Stopped by Calvin Petersen without a rebound.
13:38 of 3rd period - Derek Ryan wins face-off versus Nick Suzuki in Penguins zone.
13:44 of 3rd period - Off-side.
13:45 of 3rd period - Tomas Nosek wins face-off versus Nick Suzuki in neutral zone.
13:45 of 3rd period - Mattias Ekholm is hit by Kevin Fiala and loses puck.
14:08 of 3rd period - Shot by Brandon Saad.
14:08 of 3rd period - Stopped by Calvin Petersen with a rebound.
14:27 of 3rd period - Off-side.
14:28 of 3rd period - Jeff Carter wins face-off versus Seth Jarvis in neutral zone.
14:33 of 3rd period - Shot by Evander Kane.
14:33 of 3rd period - Stopped by Calvin Petersen with a rebound.
14:35 of 3rd period - Shot by Ilya Mikheyev.
14:35 of 3rd period - Shot Misses the Net.
14:39 of 3rd period - Shot by Jeff Carter.
14:39 of 3rd period - Shot Misses the Net.
14:47 of 3rd period - Shot by Jeff Carter.
14:47 of 3rd period - Stopped by Calvin Petersen without a rebound.
14:48 of 3rd period - Derek Ryan wins face-off versus Ryan Poehling in Penguins zone.
14:53 of 3rd period - Shot by Conor Sheary.
14:53 of 3rd period - Shot Misses the Net.
16:42 of 3rd period - Off-side.
16:43 of 3rd period - Nick Suzuki wins face-off versus Jeff Carter in neutral zone.
16:50 of 3rd period - Shot by Nick Suzuki.
16:50 of 3rd period - Shot Misses the Net.
16:52 of 3rd period - Shot by Devon Toews.
16:52 of 3rd period - Shot Misses the Net.
17:51 of 3rd period - Shot by Julien Gauthier.
17:51 of 3rd period - Shot Misses the Net.
18:14 of 3rd period - Icing by Matt Roy.
18:15 of 3rd period - Ryan Poehling wins face-off versus Derek Ryan in Penguins zone.
18:15 of 3rd period - Matt Roy is hit by Jason Dickinson and loses puck.
18:53 of 3rd period - Shot by Seth Jarvis.
18:53 of 3rd period - Stopped by Karel Vejmelka with a rebound.
19:00 of 3rd period - Icing by Mattias Ekholm.
19:01 of 3rd period - Nick Suzuki wins face-off versus Derek Ryan in Kings zone.
19:04 of 3rd period - Shot by Kevin Fiala.
19:04 of 3rd period - Stopped by Karel Vejmelka without a rebound.
19:05 of 3rd period - Nick Suzuki wins face-off versus Tomas Nosek in Kings zone.
19:10 of 3rd period - Shot by Nick Suzuki.
19:10 of 3rd period - Stopped by Karel Vejmelka without a rebound.
19:11 of 3rd period - Nick Suzuki wins face-off versus Brandon Saad in Kings zone.
19:16 of 3rd period - Shot by Nick Suzuki.
19:16 of 3rd period - Shot Misses the Net.
19:18 of 3rd period - Shot by Mathew Dumba.
19:18 of 3rd period - Shot Misses the Net.
19:20 of 3rd period - Shot by Jeff Petry.
19:20 of 3rd period - Shot Misses the Net.
19:22 of 3rd period - Shot by Mathew Dumba.
19:22 of 3rd period - Shot Blocked by Nick Jensen.
19:24 of 3rd period - Shot by Cole Caufield.
19:24 of 3rd period - Deflect By Nick Suzuki.
19:24 of 3rd period - Shot Misses the Net.
Goals for this period are 0 for Kings vs 0 for Penguins.
Shots for this period are 10 for Kings vs 12 for Penguins.

Overtime #1


0:01 of 1st overtime period - Nick Suzuki wins face-off versus Tomas Nosek in neutral zone.
0:10 of 1st overtime period - Shot by Tomas Nosek.
0:10 of 1st overtime period - Shot Misses the Net.
0:12 of 1st overtime period - Shot by Tomas Nosek.
0:12 of 1st overtime period - Shot Blocked by Devon Toews.
0:14 of 1st overtime period - Shot by Tomas Nosek.
0:14 of 1st overtime period - Stopped by Calvin Petersen with a rebound.
0:16 of 1st overtime period - Shot by Mattias Ekholm.
0:16 of 1st overtime period - Shot Misses the Net.
0:18 of 1st overtime period - Shot by Jeff Carter.
0:18 of 1st overtime period - Goal by Jeff Carter - Kings : 2 - Penguins : 1.
Goals for this period are 1 for Kings vs 0 for Penguins.
Shots for this period are 2 for Kings vs 0 for Penguins.